[Event "ROU-ch Men 2018"]
[Site "Olanesti"]
[Date "2018.05.15"]
[Round "2"]
[White "Stan, Andrei-Mihaita"]
[Black "Raducanu, Andrei-Augustin"]
[Result "1-0"]
[ECO "E87"]
[WhiteElo "1860"]
[BlackElo "2063"]
[Annotator "NA RC"]
[PlyCount "99"]
[EventDate "2018.??.??"]
[EventType "swiss"]
[EventCountry "ROU"]
[SourceTitle "playchess.com"]
[Source "ChessBase"]
[SourceQuality "1"]
[TimeControl "40/5400+30:1800+30"]

1. d4 Nf6 2. c4 g6 3. Nc3 Bg7 4. e4 d6 5. f3 O-O 6. Be3 e5 7. d5 Nh5 8. Qd2 f5 {[%emt 0:00:38] LiveBook: 208 Games} 9. O-O-O f4 10. Bf2 Bf6 11. Bd3 {[%emt 0:13:22] E87: King's Indian: Sämisch: 6...e5 7 d5} (11. Qe1 Nd7 12. Kb1 Be7 13. g3 c5 14. dxc6 bxc6 15. c5 dxc5 16. Na4 Qc7 17. Qc3 Rb8 18. Bh3 Nb6 19. Nxc5 {½-½ (36) Giri,A (2720)-Carlsen,M (2861) Wijk aan Zee 2013}) 11... Bh4 12. Qe1 Bxf2 13. Qxf2 Nd7 $146 ({Predecessor:} 13... Na6 14. Bc2 Ng7 15. Kb1 c5 16. Nge2 Nc7 17. g3 Nh5 18. gxf4 Nxf4 19. Nxf4 Rxf4 {1-0 (50) Hesham,A (2200)-Hassan,S (2376) Cairo 2010}) 14. Nge2 Nc5 15. Bc2 a6 16. b4 Nd7 17. Bb3 a5 18. a3 axb4 19. axb4 Nb8 20. Kb2 Na6 21. Na2 Kh8 22. Nec1 Bd7 23. Nd3 Qe7 24. b5 Nb8 25. Nc3 Bc8 26. c5 ({White should play} 26. Ra1 $16 Rxa1 27. Rxa1) 26... Nd7 27. c6 bxc6 28. dxc6 Nb6 29. Nb4 Nf6 30. Qd2 Be6 31. Nbd5 ({White should try} 31. Ra1 $1 $11) 31... Bxd5 32. exd5 Ra5 33. Ra1 Rfa8 34. Rxa5 Rxa5 35. Re1 Qg7 36. g3 Nh5 37. g4 Nf6 38. Qd3 Qf8 39. h4 Qc8 40. h5 gxh5 41. g5 Ne8 42. Bc2 Nc4+ 43. Qxc4 Ng7 44. Qe4 Qg8 45. Rh1 Ra8 {[%emt 0:00:31] [#]} 46. b6 $1 cxb6 47. c7 b5 48. Nxb5 Rc8 49. Bd3 Rf8 50. Nxd6 1-0

[Event "ROU-ch Men 2018"]
[Site "Olanesti"]
[Date "2018.05.16"]
[Round "3"]
[White "Stanciu, Alexandru-Ovidiu"]
[Black "Daianu, Cristian-Clement"]
[Result "1/2-1/2"]
[ECO "A00"]
[WhiteElo "2363"]
[BlackElo "2150"]
[Annotator "NA"]
[PlyCount "53"]
[EventDate "2018.??.??"]
[EventType "swiss"]
[EventCountry "ROU"]
[SourceTitle "playchess.com"]
[Source "ChessBase"]
[SourceQuality "1"]
[TimeControl "40/5400+30:1800+30"]

1. g3 Nf6 2. Bg2 d5 3. f4 Nc6 {[%emt 0:06:45] A03: Bird's Opening with 1...d5} (3... g6 4. Nf3 Bg7 5. d3 O-O 6. O-O Re8 7. Qe1 Nc6 8. e4 dxe4 9. dxe4 e5 10. f5 gxf5 11. Nh4 Nxe4 12. Nxf5 Bxf5 13. Rxf5 Nd6 14. Rf1 {1-0 (50) Kamsky,G (2638)-Sevian,S (2600) Greensboro 2016}) 4. Nf3 Qd6 5. O-O e5 6. fxe5 Nxe5 7. Nxe5 $146 ({Predecessor:} 7. d3 Nxf3+ 8. exf3 Be6 9. Re1 Be7 10. Nc3 Qd7 11. Qe2 Bc5+ {1-0 (25) Rajaonson,A (1864)-Sandjivy,J (1366) St Denis 2014}) 7... Qxe5 8. d4 Qh5 9. Qd3 Bd6 10. Nc3 O-O 11. Rxf6 gxf6 12. Nxd5 Kg7 13. Bf4 Bg4 14. e4 Bxf4 15. Nxf4 Qg5 16. Rf1 c6 17. h3 Be6 18. b3 Rad8 19. Kh2 Kh8 20. Rf2 a5 21. a4 Rd7 22. g4 Rfd8 23. d5 cxd5 24. exd5 Bxd5 25. Nxd5 $11 Rxd5 26. Bxd5 Rxd5 27. Qf3 1/2-1/2

[Event "ROU-ch Men 2018"]
[Site "Olanesti"]
[Date "2018.05.16"]
[Round "3"]
[White "Vasiesiu, Victor"]
[Black "Chima, Radu-Niculin"]
[Result "1/2-1/2"]
[ECO "C11"]
[WhiteElo "2327"]
[BlackElo "2095"]
[Annotator "NA"]
[PlyCount "112"]
[EventDate "2018.??.??"]
[EventType "swiss"]
[EventCountry "ROU"]
[SourceTitle "playchess.com"]
[Source "ChessBase"]
[SourceQuality "1"]
[TimeControl "40/5400+30:1800+30"]

1. e4 e6 2. d4 d5 3. Nc3 Nf6 4. Bg5 dxe4 5. Nxe4 Be7 6. Bxf6 Bxf6 7. Nf3 O-O 8. Qd3 {[%emt 0:00:23] LiveBook: 32 Games} b6 {[%emt 0:04:16] C13: French: Classical System: 4 Bg5 Be7, Alekhine-Chatard Attack} (8... Be7 $14) (8... Nd7 9. O-O-O b6 10. g4 Bb7 11. Rg1 g6 12. g5 Bg7 13. Bg2 c5 14. h4 cxd4 15. Nxd4 Qe7 16. Nb3 {1-0 (37) Savchenko,B (2607)-Popov,I (2596) Moscow 2016}) 9. O-O-O ({Better is} 9. Nxf6+ $16 Qxf6 10. Qe4) 9... Bb7 10. h4 Bxe4 $146 (10... Nd7 $1 $11 {remains equal.}) ({Predecessor:} 10... Na6 11. Nfg5 g6 12. Qg3 Bg7 13. h5 Bxe4 14. Nxe4 Qd5 15. Nc3 Qa5 16. hxg6 hxg6 {½-½ (56) Rizsonkov,V (2233)-Yushko,O (2117) Uzhgorod 2007}) 11. Qxe4 Qd5 12. Qxd5 exd5 13. Ne5 c5 14. Ng4 Be7 (14... Bxd4 $11 {keeps the balance.} 15. c3 f5) 15. dxc5 Bxc5 16. Rxd5 Nc6 17. Bc4 Na5 18. Bd3 Rad8 19. Rxd8 Rxd8 20. Rd1 Rd4 21. Be2 f5 22. Rxd4 Bxd4 23. Ne3 g6 24. c3 Bf6 25. Bf3 b5 26. g3 Kf8 27. b4 Nc4 28. Nxc4 bxc4 29. Kd2 Ke7 30. Bd5 f4 31. Bxc4 fxg3 32. fxg3 h5 33. Be2 Be5 34. g4 hxg4 35. Bxg4 Bf6 36. h5 gxh5 37. Bxh5 Kd6 38. Kd3 Bh4 39. c4 Bf2 40. c5+ Kc7 41. Kc4 Be1 42. Kb5 Bc3 43. Bf3 Bd2 44. a4 Be1 45. a5 Bd2 46. a6 Be3 47. Kc4 Kb8 48. Kd5 Bf4 49. b5 Bc7 50. Kc6 Bd8 51. Kd7 Bg5 52. Be2 Be3 53. Kc6 Bf2 54. b6 Be3 $18 55. Kd6 ({Don't do} 55. b7 Bg5 $18) (55. Bd3 $18 {is more deadly.}) 55... axb6 56. c6 Bf4+ {[%emt 0:00:28] Ke5} 1/2-1/2

[Event "ROU-ch Men 2018"]
[Site "Olanesti"]
[Date "2018.05.16"]
[Round "3"]
[White "Pop, Alexandru"]
[Black "Farcadi, Hunor"]
[Result "*"]
[ECO "A48"]
[WhiteElo "2302"]
[BlackElo "1959"]
[Annotator "NA"]
[PlyCount "100"]
[EventDate "2018.??.??"]
[EventType "swiss"]
[EventCountry "ROU"]
[SourceTitle "playchess.com"]
[Source "ChessBase"]
[SourceQuality "1"]
[TimeControl "40/5400+30:1800+30"]

1. d4 Nf6 2. Nf3 g6 3. Bg5 Bg7 4. Nbd2 c5 5. Bxf6 Bxf6 6. Ne4 Bxd4 7. Nxd4 cxd4 8. Qxd4 O-O 9. c4 Qa5+ {[%emt 0:05:04] A48: 1 d4 Nf6 2 Nf3 g6: Torre, London and Colle Systems} (9... d6 10. Nc3 {½-½ (10) Kamsky,G (2744)-Ivanchuk,V (2769) Amsterdam 2012}) 10. Nc3 Nc6 11. Qd2 d6 {[%emt 0:06:09] LiveBook: 3 Games} 12. e4 a6 $146 ({Predecessor:} 12... Bg4 13. Nd5 Qxd2+ 14. Kxd2 Bd7 15. Be2 Kg7 16. Rac1 Rac8 17. f3 f5 18. exf5 Bxf5 {½-½ (47) Tsolakidou,S (2364)-Costachi,M (2420) Poprad 2016}) 13. Nd5 Qxd2+ 14. Kxd2 f5 15. exf5 Bxf5 16. f3 e5 17. Rc1 Rae8 18. Be2 Nd4 19. Rhf1 Kg7 20. Ne3 Rf7 21. b3 Rc8 22. Rf2 b5 23. Bf1 b4 24. Nd5 Rb7 25. Bd3 a5 26. Ke3 Ne6 27. Bxf5 gxf5 28. f4 Nd4 ({Better is} 28... Rf7 $11) 29. h3 a4 30. bxa4 Ra8 31. c5 dxc5 32. Rxc5 Rxa4 33. fxe5 Ne6 34. Rcc2 Ra3+ 35. Ke2 Nd4+ 36. Ke1 Nxc2+ 37. Rxc2 Rd3 38. Rc5 Ra3 39. e6 Rxa2 40. e7 Kf7 41. Rc8 Rxe7+ 42. Nxe7 Kxe7 43. Rb8 Rb2 $17 44. Kd1 f4 45. Kc1 Rxg2 46. Rxb4 f3 47. Rf4 f2 48. Kd1 Rg1+ 49. Ke2 f1=Q+ 50. Rxf1 Rxf1 *

[Event "ROU-ch Men 2018"]
[Site "Olanesti"]
[Date "2018.05.16"]
[Round "3"]
[White "Vasilescu, Lucian-Mihail"]
[Black "Berechet, Stefan-Mario"]
[Result "1-0"]
[ECO "A37"]
[WhiteElo "2243"]
[BlackElo "1879"]
[Annotator "NA"]
[PlyCount "81"]
[EventDate "2018.??.??"]
[EventType "swiss"]
[EventCountry "ROU"]
[SourceTitle "playchess.com"]
[Source "ChessBase"]
[SourceQuality "1"]
[TimeControl "40/5400+30:1800+30"]

1. c4 c5 2. g3 g6 3. Bg2 Bg7 4. Nc3 Nc6 5. Nf3 d6 6. O-O a6 7. Rb1 {[%emt 0:06:44] A37: Symmetrical English vs ...g6: 4 Bg2 Bg7 5 Nf3} (7. a3 Rb8 8. b4 Nf6 9. bxc5 dxc5 10. Rb1 O-O 11. d3 Nd7 12. Ne4 b6 13. Bb2 e5 14. Nd6 Qc7 15. Nxc8 Rfxc8 {1-0 (24) Cornette,M (2606)-Cawdery,D (2447) London 2017}) 7... Rb8 {[%emt 0:00:15] LiveBook: 4 Games} 8. Ne1 Bd7 $146 ({Predecessor:} 8... Na5 9. b3 b5 10. cxb5 axb5 11. Bb2 b4 12. Nd5 Bxb2 13. Rxb2 e6 14. Ne3 Qf6 {0-1 (44) Andersson,G (2315)-Spiridonov,N (2490) Eksjo 1976}) 9. a4 e6 10. d3 Nge7 11. Bd2 O-O 12. Nc2 Na7 13. b4 b6 14. b5 a5 15. e4 f5 16. f4 Be8 17. h3 Bf7 18. Ne3 Bd4 19. Qf3 Qd7 20. Kh2 Rbd8 21. Nc2 Bg7 22. Rfd1 d5 23. e5 d4 24. Ne2 Kh8 25. Rh1 Rg8 26. g4 Rdf8 27. Ng3 Nac8 28. Rbe1 Qe8 29. Qb7 Qd8 30. Re2 Be8 31. Ne1 Qd7 32. Qa8 Bh6 $2 (32... g5 $1 $11 33. gxf5 gxf4 34. Bxf4 Nxf5) 33. g5 Bg7 34. h4 Bf7 {[%emt 0:01:27] [#]} 35. h5 $1 gxh5 36. Kg1 Qe8 37. Bf3 Qd7 38. Bxh5 Bxh5 $18 39. Rxh5 Rf7 40. Rxh7+ Kxh7 41. Qh1+ 1-0

[Event "ROU-ch Men 2018"]
[Site "Olanesti"]
[Date "2018.05.16"]
[Round "3"]
[White "Horvat, Dan-Sebastian"]
[Black "Dobre, Claudiu-Cristian"]
[Result "1/2-1/2"]
[ECO "D00"]
[WhiteElo "2152"]
[BlackElo "2393"]
[Annotator "ChessBase"]
[PlyCount "97"]
[EventDate "2018.??.??"]
[EventType "swiss"]
[EventCountry "ROU"]
[SourceTitle "playchess.com"]
[Source "ChessBase"]
[SourceQuality "1"]
[TimeControl "40/5400+30:1800+30"]

1. d4 d5 2. Bf4 c6 3. Nf3 Bf5 4. e3 Nf6 5. c4 e6 6. Qb3 Qb6 7. Qxb6 axb6 8. Nc3 h6 9. Nd2 Na6 10. Be2 Nb4 11. O-O Nd3 12. Bc7 Nxb2 13. a3 Na4 14. Nxa4 Rxa4 15. Bxb6 Bd6 16. c5 Bb8 17. Nb3 Nd7 18. Rfc1 Ke7 19. Rc3 Nxb6 20. cxb6 Bd6 21. Nc5 Bxc5 22. Rxc5 Rha8 23. g4 Bg6 24. Rc3 Rb4 25. axb4 Rxa1+ 26. Kg2 Rb1 27. b5 Kd6 28. Rc5 Rb2 29. Bf1 f5 30. gxf5 exf5 31. bxc6 bxc6 32. Ra5 Rxb6 33. Ra7 f4 34. exf4 Be4+ 35. f3 Rb2+ 36. Kg1 Bxf3 37. Bh3 c5 38. Ra6+ Ke7 39. dxc5 Rc2 40. Ra7+ Kf6 41. Ra6+ Kf7 42. c6 d4 43. Ra7+ Kf6 44. c7 d3 45. c8=Q Rxc8 46. Bxc8 d2 47. Ra6+ Ke7 48. Ra7+ Kf8 49. Rd7 1/2-1/2

[Event "ROU-ch Men 2018"]
[Site "Olanesti"]
[Date "2018.05.16"]
[Round "3"]
[White "Paraschiv, Paul-Alexandru"]
[Black "Stoleriu, George"]
[Result "1-0"]
[ECO "A46"]
[WhiteElo "2131"]
[BlackElo "2333"]
[Annotator "NA"]
[PlyCount "93"]
[EventDate "2018.??.??"]
[EventType "swiss"]
[EventCountry "ROU"]
[SourceTitle "playchess.com"]
[Source "ChessBase"]
[SourceQuality "1"]
[TimeControl "40/5400+30:1800+30"]

1. d4 Nf6 2. Nf3 e6 3. e3 c5 4. Bd3 b6 5. O-O Bb7 6. c4 Be7 7. Nc3 cxd4 8. exd4 O-O 9. d5 Bb4 {[%emt 0:05:40] LiveBook: 16 Games} 10. Ne4 {[%emt 0:01:17] E14: Queen's Indian: Classical Variation (4 e3)} (10. Bg5 Bxc3 11. bxc3 h6 12. Bh4 Na6 13. Nd4 Nc5 14. Re1 Nxd3 15. Qxd3 Ba6 16. Rad1 Rc8 17. Qh3 Rxc4 18. dxe6 dxe6 19. Nxe6 {1-0 (37) Flores,D (2601)-Williams,J (2364) Cha Am 2018}) 10... Nxe4 11. Bxe4 h6 $146 ({Predecessor:} 11... f5 12. Bc2 exd5 13. cxd5 Ba6 14. Bd3 Bd6 15. Be3 Qf6 16. Bd4 Qf7 17. Be5 Bxd3 18. Qxd3 {½-½ (29) Doric,N (2330)-Lajthajm,B (2492) Paracin 2012}) 12. a3 Be7 13. Re1 exd5 14. Bxd5 (14. cxd5 $16 Bd6 15. Nd4) 14... Nc6 15. Bf4 Bf6 16. Qd2 Qc8 17. Bd6 Re8 18. Rxe8+ Qxe8 19. Re1 Qc8 20. b4 a6 21. Qe3 b5 22. Qe4 Nd8 23. c5 (23. Be5 $18 Bxd5 24. Qxd5 Bxe5 25. Nxe5) 23... Bxd5 24. Qxd5 Ne6 25. Ne5 ({Better is} 25. Be5) 25... Bxe5 26. Bxe5 Qc6 27. Rd1 a5 28. f4 axb4 29. axb4 Qxd5 30. Rxd5 f6 31. f5 Ng5 32. Bd4 Ra4 33. Rxd7 Rxb4 34. h4 Ne4 35. c6 Rc4 36. c7 Kh7 37. Bb6 b4 38. Rd4 Rc1+ 39. Kh2 Nf2 40. Rxb4 h5 41. Rb3 Rh1+ 42. Kg3 Ne4+ 43. Kf3 Nd6 44. Bc5 Nc8 45. Be3 Rxh4 46. Rb8 Ne7 47. Re8 1-0

[Event "ROU-ch Men 2018"]
[Site "Olanesti"]
[Date "2018.05.16"]
[Round "3"]
[White "Sava, Bogdan"]
[Black "Muller, Wilhelm"]
[Result "1-0"]
[ECO "A41"]
[WhiteElo "2099"]
[BlackElo "1896"]
[Annotator "NA"]
[PlyCount "139"]
[EventDate "2018.??.??"]
[EventType "swiss"]
[EventCountry "ROU"]
[SourceTitle "playchess.com"]
[Source "ChessBase"]
[SourceQuality "1"]
[TimeControl "40/5400+30:1800+30"]

1. d4 d6 2. e4 Nd7 3. Nc3 e5 4. Nf3 Ne7 5. Bc4 exd4 6. Nxd4 Ne5 7. Be2 N7c6 8. Be3 Nxd4 9. Bxd4 Nc6 10. O-O Be6 11. Bb5 a6 12. Bxc6+ bxc6 13. Re1 f6 14. Qe2 Be7 15. Rad1 O-O 16. e5 Bf7 17. exd6 Bxd6 18. Bc5 Re8 19. Qf1 Rxe1 20. Qxe1 Qe8 21. Bxd6 Qxe1+ 22. Rxe1 cxd6 23. f3 Rb8 24. b3 Kf8 25. Kf2 Re8 26. Ne4 Re6 27. Rd1 Ke7 28. Rd4 Bg6 29. Ra4 Bxe4 30. fxe4 d5 31. exd5 cxd5 32. Rg4 g6 33. c4 dxc4 34. Rxc4 Kd7 35. Rc5 h5 36. Rc4 Rc6 37. Rd4+ Ke6 38. Ra4 Kd7 39. h4 Kc7 40. Ke3 Kb6 41. Rb4+ Kc7 42. Kd3 Rd6+ 43. Ke3 Re6+ 44. Kf3 Rc6 45. Ra4 Rc3+ 46. Kf4 Kb6 47. Re4 Rc2 48. Re6+ Rc6 49. Re3 $11 (49. Rxc6+ $18 Kxc6 50. Ke4) 49... Rc2 50. Rg3 Rxa2 51. Rxg6 Kb5 52. g4 hxg4 53. h5 Rh2 54. Kxg4 a5 55. Rxf6 Rg2+ 56. Kh3 Rg8 57. Kh4 Rb8 58. h6 Kc5 59. h7 Rh8 60. Rf7 Kb4 61. Rb7+ Kc3 62. Kg3 Rxh7 63. Rxh7 Kxb3 64. Rb7+ Kc3 65. Ra7 Kb4 66. Kf3 a4 67. Ke2 a3 68. Kd2 Kb3 69. Kc1 a2 70. Ra8 1-0

[Event "ROU-ch Men 2018"]
[Site "Olanesti"]
[Date "2018.05.16"]
[Round "3"]
[White "Raducanu, Andrei-Augustin"]
[Black "Afloarei, Jenica"]
[Result "1-0"]
[ECO "A35"]
[WhiteElo "2063"]
[BlackElo "1798"]
[Annotator "NA"]
[PlyCount "151"]
[EventDate "2018.??.??"]
[EventType "swiss"]
[EventCountry "ROU"]
[SourceTitle "playchess.com"]
[Source "ChessBase"]
[SourceQuality "1"]
[TimeControl "40/5400+30:1800+30"]

1. Nf3 Nf6 2. c4 c5 3. Nc3 Nc6 4. d4 cxd4 5. Nxd4 g6 6. g3 d6 7. Nc2 Bg7 8. Bg2 O-O 9. O-O Bd7 {[%emt 0:01:20] LiveBook: 199 Games} 10. Ne3 {[%emt 0:14:58] A38: Symmetrical English vs ...g6: 4 Bg2 Bg7 5 Nf3 Nf6} (10. b3 Qc8 11. Re1 Bh3 12. Bh1 Ng4 13. Qd2 Rd8 14. Rb1 h5 15. Nd5 Nf6 16. Nf4 Bf5 17. e4 Bg4 18. f3 Bd7 {0-1 (48) Ganguly,S (2644)-Lu,S (2624) Liaocheng 2017}) 10... Rc8 11. Rb1 Be6 $146 ({Predecessor:} 11... Qa5 12. Qd2 Rfe8 13. b3 Nd8 14. Rd1 Bc6 15. Bb2 Bxg2 16. Kxg2 {1-0 (38) Uryupin,I (2224)-Agapov,Y (2048) Tambov 2011}) 12. h3 Qd7 13. Kh2 Rfd8 14. Ncd5 Bxd5 15. cxd5 Nb4 16. h4 Qb5 17. Qb3 Rc5 18. Rd1 Rdc8 19. Bd2 a5 20. a3 Na6 (20... Nbxd5 $11 21. Qxb5 Rxb5 22. Nxd5 Nxd5) 21. Qxb5 Rxb5 22. Rdc1 Rbc5 23. Rxc5 Rxc5 24. Rc1 Rxc1 25. Bxc1 b5 26. Bd2 a4 27. Bc3 Nd7 28. Bxg7 Kxg7 29. Nc2 Nb6 30. e4 Nc4 31. Bf1 Nxb2 32. Bxb5 Nc5 33. f3 Nb3 34. Kg2 Nc5 35. Kf2 Nd1+ 36. Ke1 Nc3 37. Bc6 Kf6 38. Kd2 Nb1+ 39. Kc1 Nc3 40. Kd2 Nb1+ 41. Ke3 e5 42. Bb5 Ke7 43. g4 h6 44. Bc4 g5 45. h5 Kd8 $11 46. Ke2 Nb3 47. Kd3 Nc5+ 48. Ke3 Nb3 49. Bb5 Nc5 50. Kf2 Ke7 51. Ke1 Kf6 52. Bc4 Nb3 53. Bb5 Nc5 54. Be8 Ke7 55. Bc6 Kf8 56. Kd1 Nc3+ 57. Kd2 Nb1+ 58. Kc1 Nc3 59. Kd2 Nb1+ 60. Kc1 Nc3 61. Ne1 Ne2+ 62. Kd2 Nd4 63. Kc3 Ke7 64. Kb4 Nxc6+ 65. dxc6 Kd8 66. Nc2 Kc7 67. Kb5 Nb3 68. Kxa4 Nd2 69. Kb5 Nxf3 70. a4 d5 71. exd5 f5 72. Ne3 Nd4+ 73. Kc5 Nb3+ 74. Kb4 f4 75. Kxb3 fxe3 76. Kc2 1-0

[Event "ROU-ch Men 2018"]
[Site "Olanesti"]
[Date "2018.05.16"]
[Round "3"]
[White "Iustin, Silviu"]
[Black "Pisu, Robert-Daniel"]
[Result "0-1"]
[ECO "B12"]
[WhiteElo "1962"]
[BlackElo "2254"]
[Annotator "NA"]
[PlyCount "68"]
[EventDate "2018.??.??"]
[EventType "swiss"]
[EventCountry "ROU"]
[SourceTitle "playchess.com"]
[Source "ChessBase"]
[SourceQuality "1"]
[TimeControl "40/5400+30:1800+30"]

1. e4 c6 2. d4 d5 3. e5 g6 4. c4 Bg7 5. Nc3 {[%emt 0:00:55] B12: Caro-Kann: Advance Variation} dxc4 (5... Nh6 6. Nf3 O-O 7. h3 Be6 8. Qb3 dxc4 9. Qxb7 Qb6 10. Qxb6 axb6 11. g4 Na6 12. Bg2 Nb4 {1-0 (34) Neiksans,A (2586)-Antoms,G (2349) Riga 2017}) 6. Bxc4 Nh6 {[%emt 0:00:48] LiveBook: 4 Games} 7. Bxh6 $146 ({Predecessor:} 7. Bf4 b5 8. Bb3 Nf5 9. Nf3 h5 10. Qd2 a5 11. a4 bxa4 12. Nxa4 Na6 {1-0 (40) Jarmula,L (2321)-Briestensky,R (2318) Slovakia 2016}) 7... Bxh6 8. Nge2 O-O 9. h4 Kg7 10. f3 ({White should play} 10. h5 $14) 10... f5 (10... c5 $5) 11. f4 Nd7 12. O-O Nb6 13. Bb3 e6 14. g3 Nd5 15. Bxd5 exd5 16. Na4 b6 17. Rc1 Bb7 18. Rf3 Qe7 19. Rfc3 Rac8 20. a3 Rfd8 21. b4 Kh8 22. Kh2 Bf8 23. Ng1 Qe8 24. Nf3 Ba6 25. Nb2 c5 26. bxc5 bxc5 27. dxc5 d4 $1 28. Nxd4 Rd5 29. c6 Qd8 30. c7 Qd7 31. e6 (31. Qa4 $17 Qxa4 32. Nxa4 Rxd4 33. Nc5 Rd2+ 34. Kg1) 31... Qg7 32. Qa4 Qxd4 33. Qc6 Qf2+ 34. Kh3 Bf1+ {[%emt 0:00:09] Ra1} 0-1

[Event "ROU-ch Men 2018"]
[Site "Olanesti"]
[Date "2018.05.16"]
[Round "3"]
[White "Craciun, Ovidiu"]
[Black "Dinca, Ovidiu"]
[Result "1-0"]
[ECO "B42"]
[WhiteElo "1931"]
[BlackElo "1863"]
[Annotator "NA"]
[PlyCount "101"]
[EventDate "2018.??.??"]
[EventType "swiss"]
[EventCountry "ROU"]
[SourceTitle "playchess.com"]
[Source "ChessBase"]
[SourceQuality "1"]
[TimeControl "40/5400+30:1800+30"]

1. e4 c5 2. Nf3 e6 3. d4 cxd4 4. Nxd4 a6 5. Bd3 Nf6 6. O-O d5 7. exd5 $11 Nxd5 8. c3 Qc7 9. f4 Bd6 10. Qg4 g6 11. Qh4 Be7 12. Qf2 Nc6 13. Bd2 Nxd4 14. cxd4 Nb4 15. Bxb4 Bxb4 16. Nd2 O-O 17. Rac1 Qd8 18. Nf3 Qd6 19. Qh4 Bd7 20. Rfd1 Bc6 21. Be4 f6 22. Bxc6 bxc6 23. Rc4 Ba5 24. Rdc1 Rac8 25. h3 Bb6 26. Kh1 Kg7 27. Qe1 Rfd8 28. Qe4 c5 29. b4 Qd5 30. Qe2 Qf5 31. dxc5 Bc7 32. Qc2 Rd3 33. Ne1 Rcd8 34. Nxd3 Rxd3 35. Qf2 g5 36. Rd4 Rxd4 37. Qxd4 Bxf4 38. Rf1 e5 39. Qd5 Qc2 40. c6 e4 41. Qd7+ Kh6 42. c7 Qe2 43. Rxf4 gxf4 44. Qg4 f3 45. c8=Q fxg2+ 46. Qxg2 Qd1+ 47. Kh2 Qd6+ 48. Kg1 Qd4+ 49. Qf2 e3 50. Qf8+ Kg5 51. Qg7+ 1-0

[Event "ROU-ch Men 2018"]
[Site "Olanesti"]
[Date "2018.05.16"]
[Round "3"]
[White "Bobocea, Laurentiu-Vlad"]
[Black "Pribeanu, Mihail-Dacian"]
[Result "1/2-1/2"]
[ECO "E91"]
[WhiteElo "1853"]
[BlackElo "2119"]
[Annotator "NA"]
[PlyCount "72"]
[EventDate "2018.??.??"]
[EventType "swiss"]
[EventCountry "ROU"]
[SourceTitle "playchess.com"]
[Source "ChessBase"]
[SourceQuality "1"]
[TimeControl "40/5400+30:1800+30"]

1. d4 Nf6 2. c4 g6 3. Nc3 Bg7 4. e4 d6 5. Nf3 O-O 6. Be2 Nbd7 7. O-O e5 8. d5 Nc5 9. Qc2 a5 10. Bg5 {[%emt 0:01:32] LiveBook: 368 Games} Bd7 {[%emt 0:02:59] E94: King's Indian: Classical: 6 Be2 e5 7 0-0: Various Black 7th moves} (10... h6 11. Be3 Ng4 12. Bxc5 dxc5 13. h3 Nf6 14. Nxe5 Nxd5 15. cxd5 Bxe5 16. f4 Bd4+ 17. Kh2 g5 18. e5 gxf4 19. e6 Qh4 20. Bg4 h5 21. Bf3 Qg3+ {½-½ (69) Kasimdzhanov,R (2712)-Mista,A (2597) Trzcianka 2015}) 11. Nd2 Qe8 12. b3 Kh8 (12... h6 $11 {keeps the balance.} 13. Be3 Na6) 13. a3 Ng8 14. b4 axb4 $146 ({Predecessor:} 14... Na6 $142 15. Rab1 f5 16. f3 axb4 17. axb4 Bh6 18. Bh4 {0-1 (38) Banas,J (2306)-Efroimski,M (2222) Zagreb 2011}) 15. axb4 Rxa1 16. Rxa1 Na6 17. Qb3 f5 18. f3 Bh6 $16 19. Bxh6 Nxh6 20. c5 Nb8 21. cxd6 cxd6 22. Nc4 Qd8 23. b5 fxe4 24. Nxe4 Nf5 25. Qb4 Nd4 26. Bd1 Bxb5 27. Nexd6 Qe7 28. Nxe5 Ne2+ 29. Kf2 Qxe5 30. Nxb5 Re8 31. Qe4 Nf4 32. Qxe5+ Rxe5 33. Ra8 Re8 34. Bb3 Kg7 35. Nd6 Re2+ 36. Kf1 Nd7 1/2-1/2

[Event "ROU-ch Men 2018"]
[Site "Olanesti"]
[Date "2018.05.16"]
[Round "3"]
[White "Toma, Mihail"]
[Black "Rusan, Paul-Cristian"]
[Result "1-0"]
[ECO "A80"]
[WhiteElo "1835"]
[BlackElo "2213"]
[Annotator "NA"]
[PlyCount "95"]
[EventDate "2018.??.??"]
[EventType "swiss"]
[EventCountry "ROU"]
[SourceTitle "playchess.com"]
[Source "ChessBase"]
[SourceQuality "1"]
[TimeControl "40/5400+30:1800+30"]

1. d4 f5 2. Bg5 d6 3. Nc3 h6 4. Bf4 Nf6 5. Qd3 Nc6 6. d5 e5 (6... Ne5 $11 7. Bxe5 dxe5) 7. dxc6 exf4 (7... bxc6 {keeps fighting.} 8. Bg3 Be6) 8. cxb7 Bxb7 9. Qb5+ ({Inferior is} 9. Qxf5 Qd7 $14) 9... c6 (9... Kf7 $142) 10. Qxb7 Rc8 11. Nf3 g6 12. Nd4 Rh7 13. Qa6 Qd7 14. g3 fxg3 15. hxg3 d5 16. e3 Bb4 17. Bd3 Ne4 18. Bxe4 fxe4 19. a3 Bxc3+ 20. bxc3 h5 21. Rb1 Rf7 22. Rh4 Kf8 23. Rf4 Rc7 24. Rxf7+ Kxf7 25. Rb8 Kg7 26. Qa5 Kf7 27. Rh8 Kg7 28. Qxc7 Qxc7 29. Ne6+ Kxh8 30. Nxc7 Kg7 31. Ne6+ Kf6 32. Nd8 c5 33. Nc6 a6 34. Nb8 Ke6 35. Nxa6 Kd6 36. Ke2 Kc6 37. f3 Kb6 38. fxe4 dxe4 {[%emt 0:00:32] [#]} 39. Nb4 $1 cxb4 40. cxb4 Kb5 {[%emt 0:00:12] [#]} 41. g4 $18 h4 42. g5 Kc4 43. Kf2 Kc3 44. b5 h3 45. b6 h2 46. Kg2 Kd2 47. b7 Kxe3 48. b8=Q 1-0

[Event "ROU-ch Men 2018"]
[Site "Olanesti"]
[Date "2018.05.16"]
[Round "3"]
[White "Cenusa, Mihai"]
[Black "Ciorgovean, Iustin"]
[Result "0-1"]
[ECO "B50"]
[WhiteElo "1819"]
[BlackElo "2169"]
[Annotator "NA"]
[PlyCount "96"]
[EventDate "2018.??.??"]
[EventType "swiss"]
[EventCountry "ROU"]
[SourceTitle "playchess.com"]
[Source "ChessBase"]
[SourceQuality "1"]
[TimeControl "40/5400+30:1800+30"]

1. e4 c5 2. Nf3 d6 3. c4 Bg4 4. Nc3 Nc6 {[%emt 0:01:49] LiveBook: 6 Games} 5. Qa4 (5. d3 $11) 5... Bxf3 6. gxf3 Qd7 7. d3 Nd4 8. Qd1 g6 9. Be3 Bg7 10. h4 h5 11. Rb1 e6 12. Bh3 Ne7 13. Bxd4 Bxd4 14. Ne2 Bf6 15. d4 cxd4 16. Nxd4 a6 17. Bf1 Rc8 18. b3 O-O 19. f4 Qc7 20. Qd2 Qc5 21. Rd1 Rfd8 22. Nf3 b5 23. Be2 bxc4 24. bxc4 Rb8 25. e5 $2 (25. Kf1 $17) 25... dxe5 26. Qxd8+ Rxd8 27. Rxd8+ Kg7 28. fxe5 Bxe5 29. Rd7 Bf6 30. O-O e5 31. Rb1 e4 32. Ng5 e3 33. Ne4 Qf5 34. Nxf6 Qxb1+ 35. Rd1 Qf5 36. Ne8+ Kf8 37. fxe3 Kxe8 38. Rd6 a5 39. Ra6 Qc5 40. Ra8+ Kd7 41. Rf8 Qxe3+ 42. Kf1 Nf5 43. Rxf7+ Ke8 $19 44. Rxf5 gxf5 45. Bxh5+ Ke7 46. Kg2 Qf4 47. c5 Qc4 48. Kg3 Qxc5 0-1

[Event "ROU-ch Men 2018"]
[Site "Olanesti"]
[Date "2018.05.16"]
[Round "3"]
[White "Morariu, Daniel"]
[Black "Albu, George"]
[Result "1-0"]
[ECO "B41"]
[WhiteElo "1656"]
[BlackElo "2038"]
[Annotator "NA"]
[PlyCount "57"]
[EventDate "2018.??.??"]
[EventType "swiss"]
[EventCountry "ROU"]
[SourceTitle "playchess.com"]
[Source "ChessBase"]
[SourceQuality "1"]
[TimeControl "40/5400+30:1800+30"]

1. e4 c5 2. Nf3 e6 3. d4 cxd4 4. Nxd4 a6 5. c4 Qc7 6. Nc3 Nf6 7. a3 d6 8. Be2 {[%emt 0:03:02] B41: Sicilian: Kan Variation: 5 c4} Nbd7 9. Be3 b6 10. O-O {[%emt 0:01:21] LiveBook: 9 Games} Bb7 11. f3 h5 (11... Be7 12. Rc1 O-O 13. Qd2 Rac8 14. Rfd1 Qb8 15. b4 Bd8 16. Kh1 {1-0 (72) Rambaldi,F (2544)-Svidler,P (2759) Biel 2016}) 12. h4 $146 ({Predecessor:} 12. Qd2 Be7 13. Rfc1 Rc8 14. b4 Qb8 15. Bf1 h4 {0-1 (31) Schut,L (2286)-David,A (2622) Paleochora 2010}) 12... Be7 13. Qe1 O-O 14. Qg3 Rfe8 15. Rac1 Rac8 16. Rfd1 Qb8 $14 17. Bf4 Kh8 18. Nc2 Ne5 19. Ne3 Nfd7 20. Bxe5 Nxe5 21. f4 Nc6 22. Bxh5 g6 23. Bxg6 Rg8 24. h5 fxg6 25. hxg6 Kg7 26. Qh3 Kxg6 27. Qxe6+ Kh7 28. Rd5 Rg6 29. Qf7+ 1-0